 Dungeon Crawl Stone Soup version 0.28-a0-1524-ge72afd5fc6 (webtiles) character file.

Game seed: 16608222380576553000

45 knot the Chopper (level 3, 0/29 HPs)
             Began as a Demonspawn Berserker on Jan 18, 2022.
             Was a Follower of Trog.
             Slain by Sigmund (2 damage)
             ... on level 2 of the Dungeon.
             The game lasted 00:01:29 (1926 turns).

knot the Chopper (Demonspawn Berserker)             Turns: 1926, Time: 00:01:30

Health: 0/29       AC:  0    Str: 17    XL:     3   Next: 42%
Magic:  3/3        EV: 19    Int: 10    God:    Trog [*.....]
Gold:   38         SH:  0    Dex: 17    Spells: 2/2 levels left

rFire   . . .      SeeInvis .   (weapon currently unavailable)
rCold   . . .      Faith    .   (shield currently unavailable)
rNeg    . . .      Spirit   .   (armour currently unavailable)
rPois   .          Reflect  .   (helmet currently unavailable)
rElec   .          Harm     .   (cloak currently unavailable)
rCorr   .          Rampage  .   (gloves currently unavailable)
Will    .....                   (boots currently unavailable)
Stlth   +.........              c - amulet of magic regeneration
HPRegen 0.09/turn               (ring currently unavailable)
MPRegen 0.48/turn               (ring currently unavailable)

@: confused, bat-form, on berserk cooldown, attractive, flying, slowed, quick
A: fast, flying, no casting, tiny, (antennae 1)
a: Renounce Religion, Berserk


You were on level 2 of the Dungeon.
You worshipped Trog.
Trog was aware of your devotion.
You were a bat.
You visited 1 branch of the dungeon, and saw 2 of its levels.

You collected 38 gold pieces.

Inventory:

Hand Weapons
 a - a +0 hand axe (melded)
 i - the +8 spear "Zemmyxad" {pain, rC+}
   (You found it on level 2 of the Dungeon)

   In the hands of one skilled in necromantic magic, it inflicts extra damage on
   living creatures.
   rC:        It protects you from cold.
   Trog disapproves of the use of such an item.
Missiles
 e - 8 stones (quivered)
Armour
 b - a +0 animal skin (melded)
Jewellery
 c - an amulet of magic regeneration (around neck)
 h - an amulet of the acrobat
Scrolls
 d - a scroll of blinking {unknown}
 f - a scroll of enchant armour {unknown}
 g - 4 scrolls of identify {unknown}
 j - a scroll of holy word {unknown}
 k - a scroll of immolation {unknown}
 m - a scroll of enchant weapon {unknown}
Potions
 l - a potion of attraction


   Skills:
 - Level 3.0 Fighting
 + Level 4.1 Axes
 - Level 1.7 Armour
 - Level 1.7 Dodging


You had 2 spell levels left.
You didn't know any spells.
Your spell library was empty.

Dungeon Overview and Level Annotations

Branches:
Dungeon (2/15)

Altars:

Shops:
D:2 (

Annotations:
D:2 Sigmund


Innate Abilities, Weirdness & Mutations

You are a bat.
You are tiny and dextrous.
You move quickly.
You are flying.
Your equipment is almost entirely melded.
You are incapable of wielding weapons or throwing items.
You cannot cast spells.
((You have a pair of small antennae on your head.))


Message History

You closely miss Sigmund.
Sigmund is severely wounded.
You hit Sigmund.
Sigmund is almost dead.
Sigmund closely misses you.
You closely miss Sigmund.
Sigmund is almost dead.
You closely miss Sigmund.
Sigmund is almost dead.
Sigmund gestures wildly while chanting.
Sigmund flickers and vanishes!
Deactivating autopickup; reactivate with Ctrl-A.
No target in view!
You barely miss something.
You hear a zap.
You turn into a bat.
Your +0 hand axe melds into your body.
Your +0 animal skin melds into your body.
You barely miss something. You miss something. Something hits you.
You barely miss something. You miss something.
You are no longer berserk.
You are exhausted.
You feel yourself slow down. Something closely misses you.
You hit something but do no damage.
You hear some strange, mumbled words.
Something tries to affect you, but you resist.
You closely miss something. Something hits you!
Ouch! That really hurt!
* * * LOW HITPOINT WARNING * * *
Something is attracted toward you.
You hear some strange, mumbled words.
You are confused.
Something is attracted toward you.
Unknown command.
Something hits you.
* * * LOW HITPOINT WARNING * * *
Something is attracted toward you.
You're too confused to move!
Something hits you.
You die...

.....)....####...
...........##...#
...........##...#
...........##...#
...........##.§.##
##.........##..§.#
######.#####...§#.#
#######.#####....#.#
........#.......b#.#
...###..#........#.#
#....#..#......#.#.#####
.....#..#......#.#......
#.#.##..#.†....#....#
#.#..#..#......#....+
#....#..#......##...#
###.....#########...######.#
...............)...........#


There were no monsters in sight!

Vanquished Creatures
  An adder (D:2)
  A dart slug (D:2)
  An orc (D:2)
  A ball python (D:2)
  3 endoplasms
  4 giant cockroaches
  2 goblins (D:1)
  3 hobgoblins (D:1)
  A quokka (D:1)
  6 bats
  3 frilled lizards
  3 kobolds
  5 rats (D:2)
34 creatures vanquished.

Notes
Turn   | Place    | Note
-------+----------+-------------------------------------------
     0 | D:1      | knot the Demonspawn Berserker began the quest for the Orb.
     0 | D:1      | Reached XP level 1. HP: 18/18 MP: 1/1
    98 | D:1      | Reached skill level 3 in Axes
   225 | D:1      | Gained mutation: You have a pair of small antennae on your
                  | head. [demonic ancestry]
   225 | D:1      | Reached XP level 2. HP: 22/24 MP: 2/2
   673 | D:1      | Found a faded altar of an unknown god.
  1072 | D:2      | Found Dyntoc's Antique Weapon Shop.
  1086 | D:2      | Reached XP level 3. HP: 29/29 MP: 3/3
  1152 | D:2      | Identified the +8 spear "Zemmyxad" {pain, rC+}
  1367 | D:2      | Reached skill level 4 in Axes
  1895 | D:2      | Noticed Sigmund
  1926 | D:2      | Slain by Sigmund

Illustrated notes

Levels and vault maps discovered:
D:1:      psy_arrival_radial02, layout_loops_ring,
          hellmonk_ecumenical_altar_zigzags
D:2:      layout_basic, serial_shops, nicolae_square_shop, uniq_sigmund

Skill      XL: |  1  2  3 |
---------------+----------+-----
Axes           | 3 4 |  4.1
Fighting       | |  3.0
Armour         | |  1.7
Dodging        | |  1.7

Action                   || total
-------------------------++-------
Melee: Hand axe          ||   110
       Unarmed           ||     6
Invok: Berserk           ||     3
  Use: Potion            ||     1
 Stab: Sleeping          ||     1
Armor: Animal skin       ||    34
Dodge: Dodged            ||    59

Table legend: (Time is in decaauts)
 A = Elapsed time spent in this place.
 B = Non-inter-level travel time spent in this place.
 C = Inter-level travel time spent in this place.
 D = Time resting spent in this place.
 E = Time spent auto-exploring this place.
 F = Levels seen in this place.
 G = Mean time per level.
                   A        B        C        D        E       F      G
               +--------+--------+--------+--------+--------+-----+--------+
         Total |   1953 |   1904 |     49 |    313 |   1325 |   2 |  976.5 |
       Dungeon |   1953 |   1904 |     49 |    313 |   1325 |   2 |  976.5 |
               +--------+--------+--------+--------+--------+-----+--------+

Top non-repeatable levels by time:
     D:1: 1037 daAuts
     D:2: 915 daAuts
